[Event "Germany Countries-chT Youth 2022"]
[Site "Wiesbaden"]
[Date "2022.10.01"]
[Round "2"]
[White "Huber, Benedikt"]
[Black "Kempe, Caius Emilian"]
[Result "1-0"]
[ECO "C02"]
[WhiteElo "2299"]
[BlackElo "2030"]
[Annotator "TA"]
[PlyCount "53"]
[EventDate "2022.09.28"]
[EventType "team-tourn"]
[EventRounds "7"]
[EventCountry "GER"]
[SourceTitle "playchess.com"]
[Source "ChessBase"]
[SourceQuality "1"]
[TimeControl "40/5400+30:1800+30"]

1. e4 e6 2. d4 d5 3. e5 c5 4. c3 Nc6 5. Nf3 Bd7 6. Be2 Qb6 7. O-O f6 8. dxc5 Bxc5 9. b4 {C02: French: Advance Variation.} Be7 10. Be3 Qc7 11. c4 $1 {White is better.} fxe5 12. cxd5 {[#]} Nxb4 $146 ({Predecessor:} 12... exd5 13. Qxd5 Nf6 14. Qb3 Bxb4 15. Rc1 Be7 16. Ng5 Rf8 17. Nc3 h6 18. Nb5 {1-0 (18) Svrsek,R (1916)-Basson,H (1399) LSS email 2013}) 13. dxe6 Bxe6 14. Qa4+ Nc6 {[#]} 15. Nc3 $1 {[%mdl 1024] White has strong compensation.} Nf6 (15... Nh6 $16 {might work better.}) 16. Ng5 $18 Bg8 {[#]} 17. Bf3 (17. Nb5 $1 $18 {[%cal Rb5c7] is the precise move to win.} Qb8 18. Bf3) 17... h6 18. Nge4 {White is much more active.} Bf7 $2 {A mistake that costs the game.} (18... Nxe4 $16 19. Bxe4 (19. Bh5+ Bf7 $16) 19... Be6) 19. Nxf6+ Bxf6 20. Nd5 Bxd5 21. Bxd5 {Strongly threatening Rab1.} Kf8 22. Rac1 Rc8 $2 (22... Rd8) 23. f4 exf4 24. Bc5+ {A strong pair of Bishops.} Ke8 25. Rfe1+ {White mates.} Kd8 26. Rcd1 Kd7 27. Be6+ {Weighted Error Value: White=0.22 (precise) /Black=0.62} (27. Bxc6# $142) 1-0

[Event "Germany Countries-chT Youth 2022"]
[Site "Wiesbaden"]
[Date "2022.10.01"]
[Round "2"]
[White "Holinka, Henning"]
[Black "Post, Hugo"]
[Result "1-0"]
[ECO "B90"]
[WhiteElo "2245"]
[BlackElo "2176"]
[Annotator "TA"]
[PlyCount "40"]
[EventDate "2022.09.28"]
[EventType "team-tourn"]
[EventRounds "7"]
[EventCountry "GER"]
[SourceTitle "playchess.com"]
[Source "ChessBase"]
[SourceQuality "1"]
[TimeControl "40/5400+30:1800+30"]

1. e4 c5 2. Nf3 d6 3. d4 cxd4 4. Nxd4 Nf6 5. Nc3 a6 6. f3 e5 7. Nb3 Be7 8. Be3 Be6 9. Qd2 h5 10. Nd5 {[%emt 0:06:16] B90: Sicilian Najdorf: Unusual White 6th moves, 6 Be3 Ng4 and 6 Be3 e5.} Bxd5 11. exd5 Nbd7 12. Na5 {[%emt 0:10:55] White is slightly better.} Qc7 13. c4 O-O 14. Be2 e4 15. O-O exf3 (15... Ne5 {feels hotter.} 16. f4 Neg4 17. Bd4 Rfe8) 16. gxf3 Rfe8 {[%emt 0:09:37] [#]} 17. b4 $146 ({Predecessor:} 17. Kh1 Bf8 18. b4 g6 19. Rac1 Ne5 20. Bg5 Nh7 21. Bh4 b6 22. Nb3 Qd7 23. Nd4 {½-½ (40) Schwetlick,T (2469)-Andeer,S (2474) ICCF email 2014}) 17... Ne5 18. Rac1 Qd7 19. Bd4 Bd8 20. Nb3 (20. Kh1 $11) 20... h4 {[%emt 0:01:46][%mdl 32768] Weighted Error Value: White=0.15 (very precise) /Black=0.06 (flawless) . Loss on time!?} 1-0

[Event "Germany Countries-chT Youth 2022"]
[Site "Wiesbaden"]
[Date "2022.10.01"]
[Round "2"]
[White "von Mettenheim, Johannes"]
[Black "Laux, Dominik"]
[Result "1-0"]
[ECO "D52"]
[WhiteElo "2231"]
[BlackElo "2248"]
[Annotator "TA"]
[PlyCount "89"]
[EventDate "2022.09.28"]
[EventType "team-tourn"]
[EventRounds "7"]
[EventCountry "GER"]
[SourceTitle "playchess.com"]
[Source "ChessBase"]
[SourceQuality "1"]
[TimeControl "40/5400+30:1800+30"]

1. d4 d5 2. c4 c6 3. Nc3 Nf6 4. Nf3 e6 5. Bg5 Nbd7 6. e3 Qa5 7. Nd2 Bb4 8. Qc2 dxc4 9. Bxf6 Nxf6 10. Nxc4 Qc7 11. Qb3 {[%emt 0:13:48] D52: Queen's Gambit Declined: Cambridge Springs Variation.} c5 12. Be2 Bd7 13. O-O {[%emt 0:03:45] [#] The position is equal.} Bxc3 $146 (13... O-O $11) ({Predecessor:} 13... O-O 14. Ne5 cxd4 15. Nxd7 Qxd7 16. Qxb4 dxc3 17. Qxc3 Rac8 18. Qb3 Rfd8 19. Rfd1 Qc7 20. Rxd8+ {½-½ (20) Nihal,S (2532)-Bluebaum,M (2635) Moscow 2018}) 14. bxc3 (14. Qxc3 $16 Nd5 15. Qa3) 14... O-O $11 15. Ne5 Rab8 16. Qa3 b6 17. Bf3 Rfd8 18. Rab1 Nd5 ({Black should play} 18... Be8 $11) 19. Nd3 (19. Nxd7 $14 Qxd7 20. dxc5) 19... c4 20. Ne5 Be8 21. e4 Nf6 22. Rfd1 a5 23. h4 b5 24. Qc5 {[%emt 0:04:54] Inhibits b4.} Qxc5 25. dxc5 $40 {[%emt 0:00:07][%cal Bd4c5,Bc5c6][%mdl 160] aiming for Rxd8. Black needs to defend precisely.} Rdc8 26. c6 h5 (26... Bxc6 27. Nxc6 Rxc6 28. Rxb5 $3 $16 ) 27. Rb2 b4 28. Rd4 ({Reject} 28. Nxc4 bxc3 29. Rxb8 Rxb8 $15) 28... Rb5 29. Nxc4 {[%emt 0:02:08] Strongly threatening Nd6.} bxc3 30. Rc2 (30. Rxb5 $11 {remains equal.} c2 31. Rd1 cxd1=B 32. Bxd1) 30... Bxc6 $17 31. Nd6 Rb1+ 32. Kh2 Ba4 $2 {[%emt 0:00:16][%mdl 8192] This move loses the game for Black.} 33. Rxa4 $18 Rb2 34. Rc1 ({Less strong is} 34. Nxc8 Rxc2 35. Rxa5 Nd7 $18) 34... Rc5 35. Nc4 Rb4 36. Rxb4 axb4 37. Ne3 Ra5 38. Rc2 Nd7 39. Be2 Nb6 40. Nc4 Rxa2 (40... Nxc4 41. Bxc4 Kf8) 41. Rxa2 b3 42. Ra1 Nxc4 43. Bxc4 b2 {[%emt 0:00:00] [#]} 44. Ra8+ $1 Kh7 45. Bd3 {[%emt 0:00:00] Weighted Error Value: White=0.17 (very precise) /Black=0.38} 1-0

[Event "Germany Countries-chT Youth 2022"]
[Site "Wiesbaden"]
[Date "2022.10.01"]
[Round "2"]
[White "Wong, Gengchun"]
[Black "Lutsko, Artem"]
[Result "1/2-1/2"]
[ECO "B99"]
[WhiteElo "2195"]
[BlackElo "2431"]
[Annotator "TA"]
[PlyCount "63"]
[EventDate "2022.09.28"]
[EventType "team-tourn"]
[EventRounds "7"]
[EventCountry "GER"]
[SourceTitle "playchess.com"]
[Source "ChessBase"]
[SourceQuality "1"]
[TimeControl "40/5400+30:1800+30"]

1. e4 c5 2. Nf3 d6 3. d4 cxd4 4. Nxd4 Nf6 5. Nc3 a6 6. Bg5 e6 7. f4 Be7 8. Qf3 Qc7 9. O-O-O Nbd7 10. g4 h6 11. Bxf6 Bxf6 12. h4 Nb6 $1 {[%mdl 4] now scores much better than the old 12...Qb6. B99: Sicilian Najdorf: 6 Bg5 e6 7 f4 Be7 8 Qf3 Qc7 9 0-0-0 Nbd7.} 13. g5 Bxd4 14. Rxd4 Qc5 {White is slightly better.} 15. Rd1 Bd7 16. Kb1 O-O-O {[#]} 17. Bh3 $146 ({Predecessor:} 17. Bd3 Bc6 18. Qg4 hxg5 19. hxg5 g6 20. Rxh8 Rxh8 21. f5 Qe5 22. Ne2 Kb8 23. fxg6 fxg6 {0-1 (36) Paravyan,D (2617)-Leiva Rodriguez,J (2405) Chess.com INT 2022}) 17... hxg5 18. hxg5 Kb8 19. Qg3 (19. Bf1 $11) 19... Bc6 (19... Nc4 $15) 20. g6 ({Better is} 20. Rhe1 $11) 20... f5 $1 $15 21. Rhe1 Na4 ({Black should play} 21... d5 $15 22. exf5 exf5) 22. Nxa4 $11 Bxa4 23. b3 Bc6 (23... Rc8 $5 24. c4 Bc6 $11) 24. exf5 exf5 25. Bg2 {Inhibits Be4.} Bxg2 26. Qxg2 {aiming for Re7.} Rde8 {Prevents Re7.} 27. Qd2 {White is more active.} Kc7 28. Qd3 {[%cal Oa2a3] Against Re4} (28. a3 $5) 28... Kd7 $1 29. Qf3 Qc6 30. Qd3 {[#] Threatens to win with Qd4.} Qc5 31. Qf3 Qc6 32. Qd3 {Weighted Error Value: White=0.17 (very precise) /Black=0.13 (very precise)} 1/2-1/2

[Event "Germany Countries-chT Youth 2022"]
[Site "Wiesbaden"]
[Date "2022.10.01"]
[Round "2"]
[White "Popist, Florian"]
[Black "Haubold, Sebastian Marcel"]
[Result "1-0"]
[ECO "C45"]
[WhiteElo "2187"]
[BlackElo "2039"]
[Annotator "TA"]
[PlyCount "35"]
[EventDate "2022.09.28"]
[EventType "team-tourn"]
[EventRounds "7"]
[EventCountry "GER"]
[SourceTitle "playchess.com"]
[Source "ChessBase"]
[SourceQuality "1"]
[TimeControl "40/5400+30:1800+30"]

1. e4 e5 2. Nf3 Nc6 3. d4 exd4 4. Nxd4 Qf6 5. Nf3 Bb4+ 6. Nbd2 {[%emt 0:00:09] C45: Scotch Game.} Nge7 7. Be2 {[%emt 0:00:37] [#]} d6 $146 ({Predecessor:} 7... Ng6 8. c3 Bc5 9. Nb3 Bb6 10. Bg5 Qe6 11. Qc2 h6 12. Bd2 O-O 13. O-O d5 {1-0 (36) Alekseenko,K (2650)-Sanal,V (2520) Konya 2019}) 8. O-O {[%emt 0:00:10] The position is equal.} O-O (8... Bc5 $11) 9. Nb3 $1 $14 Ng6 10. c3 {[%emt 0:00:43] [#] Black must now prevent Bg5.} Ba5 11. Nxa5 Nxa5 12. Bg5 Qe6 13. Bd3 Nc6 14. Bc2 Qg4 15. h3 Qh5 16. Be3 h6 17. Nd4 Qh4 18. Nf5 {[%emt 0:21:03] Weighted Error Value: White=0.04 (flawless) /Black=0.12 (very precise)} 1-0

[Event "Germany Countries-chT Youth 2022"]
[Site "Wiesbaden"]
[Date "2022.10.01"]
[Round "2"]
[White "Heinrich, John"]
[Black "Schneider, Jana"]
[Result "0-1"]
[ECO "C68"]
[WhiteElo "2139"]
[BlackElo "2323"]
[Annotator "TA"]
[PlyCount "78"]
[EventDate "2022.09.28"]
[EventType "team-tourn"]
[EventRounds "7"]
[EventCountry "GER"]
[SourceTitle "playchess.com"]
[Source "ChessBase"]
[SourceQuality "1"]
[TimeControl "40/5400+30:1800+30"]

1. e4 e5 2. Nf3 Nc6 3. Bb5 a6 4. Bxc6 dxc6 5. O-O Qf6 6. d4 {C68: Ruy Lopez: Exchange Variation, sidelines.} exd4 7. Bg5 Qd6 8. Nxd4 {[%cal Bf3d4,Bd4b3,Bb3a5][%mdl 32] White has an edge.} f6 9. Bh4 c5 10. Nb3 (10. Nf5 Bxf5 11. exf5 O-O-O $15) 10... Qxd1 11. Rxd1 Bd7 12. Bg3 O-O-O (12... c4 13. Na5 $16) 13. Nc3 $36 {[%cal Bb1c3,Bc3d5,Bd5b4][%mdl 2080] [#] White has some pressure.} c4 $146 ({Predecessor:} 13... Nh6 14. Nd5 Bd6 15. Bxd6 cxd6 16. a4 Rhe8 17. f3 f5 18. exf5 Bxf5 19. Rd2 Nf7 {1-0 (47) Felix Simoes,R (1825)-De Carvalho,C (2051) Florianopolis 2017}) 14. Na5 b5 $2 (14... Bc5 $14) 15. Nd5 {Threatens to win with a4.} Bd6 (15... Ne7 $16) 16. Bxd6 $18 cxd6 17. Nb4 Be8 18. a4 (18. Nxa6 $6 Ne7 19. b3 d5 $18) 18... Kc7 19. Nxa6+ Kb6 {[#]} 20. Nc5 $1 {[%mdl 512] Pair of Knights!} Rb8 {[#]} 21. Ncb7 Rxb7 22. Nxb7 Kxb7 23. axb5 ({Don't take} 23. Rxd6 $6 Ne7 $16) 23... Bxb5 24. Rxd6 {Hoping for Rd8.} Ne7 25. Ra5 Bc6 26. Rc5 $1 Ra8 {( -> ...Ra1+)} 27. f3 Ra4 {[#]} 28. Re6 (28. Rd4 $1 $18) 28... Kb6 $14 29. Rh5 (29. Rd5 $1 $14 Ra7 30. Kf2) 29... Ng6 {[%mdl 1024] Strongly threatening ...Nf4. Black has compensation.} 30. Rd6 (30. Rxh7 $11 Nf8 31. Rxc6+ Kxc6 32. Rxg7) 30... h6 $15 31. Rd8 {[#]} Ra2 (31... Ra1+ $1 $17 32. Kf2 Rc1 33. Rb8+ Bb7) 32. Rg8 $2 (32. Rb8+ $1 $11 Bb7 33. Rg8) 32... Nf4 $2 ({Black should try} 32... Rxb2 $19 33. Rxg7 Nf4) 33. Rf5 $2 (33. Rh4 $1 $15 c3 34. bxc3 (34. Rxf4 $2 cxb2 35. h3 b1=Q+ $19)) 33... Ne2+ $19 34. Kf2 Nd4 35. Rh5 (35. Rb8+ Kc7 36. Rb4 Nxc2 37. Rxc4 Rxb2 38. Rb5 Rxb5 39. Rxc2) 35... Rxb2 36. Ke3 (36. Rb8+ $142 Bb7 37. Rd5 Rxc2+ 38. Ke3) 36... Nxc2+ {Black is clearly winning.} 37. Kd2 Na3+ 38. Kc3 Rb3+ 39. Kd2 c3+ {What a bad dream for White.  Weighted Error Value: White=0.93/Black=0.28 (precise)} 0-1

[Event "Germany Countries-chT Youth 2022"]
[Site "Wiesbaden"]
[Date "2022.10.01"]
[Round "2"]
[White "Nied, Pascal"]
[Black "Leonard, Timo"]
[Result "0-1"]
[ECO "B13"]
[WhiteElo "2131"]
[BlackElo "2067"]
[Annotator "TA"]
[PlyCount "108"]
[EventDate "2022.09.28"]
[EventType "team-tourn"]
[EventRounds "7"]
[EventCountry "GER"]
[SourceTitle "playchess.com"]
[Source "ChessBase"]
[SourceQuality "1"]
[TimeControl "40/5400+30:1800+30"]

1. e4 c6 2. d4 d5 3. exd5 cxd5 4. Bd3 Nc6 5. c3 Nf6 6. Bf4 Bg4 7. Qb3 Qd7 8. Nd2 e6 9. Ngf3 Bd6 10. Bxd6 Qxd6 11. O-O {[%emt 0:01:00] B13: Caro-Kann: Exchange Variation and Panov-Botvinnik Attack.} O-O 12. Rae1 Ne7 13. Ne5 {[%emt 0:07:55] The position is equal.} (13. Qxb7 Rfb8 14. Qa6 Qxa6 15. Bxa6 Rxb2 $17) 13... Bf5 14. Qd1 (14. Qxb7 $2 Bxd3 15. Nxd3 Rfb8 16. Qxa8 Rxa8 $19) 14... Bxd3 15. Nxd3 {[%emt 0:00:06] [#]} Qa6 $146 ({Predecessor:} 15... Rab8 16. a4 Nc6 17. b4 b6 18. Ne5 Rbc8 19. Qb3 Rc7 20. Ra1 Rfc8 21. Nd3 Ne4 22. Nxe4 dxe4 {1-0 (39) Tabatabaei,M (2629)-Harsha,B (2509) Chess.com INT 2020}) 16. Qf3 Ng6 17. a3 Qb5 18. g4 Rae8 (18... Nxg4 19. a4 Qa6 20. Nc5 Nxh2 21. Kxh2 $16) 19. Qg3 h5 ({Don't take} 19... Nxg4 20. a4 Qxa4 21. Qxg4 $16) 20. h3 h4 21. Qe3 Nd7 22. f4 $1 {[%emt 0:02:48] Prevents e5.} Nb6 23. Rf2 Nc4 (23... f6 $14) 24. Nxc4 $16 dxc4 25. Ne5 Ne7 26. Nf3 (26. Qe2 $16) 26... Ng6 $14 27. Ne5 (27. Rg2 $14) 27... Ne7 $1 $16 28. Qe2 Rc8 (28... Nd5 $16 29. Qxc4 (29. Nxc4 f6 $16) 29... Qxc4 30. Nxc4 Rd8) 29. Nf3 Ng6 30. Qe4 Rce8 {[%emt 0:02:54] [#]} 31. f5 ({White should play} 31. Ne5 $1 $16) 31... exf5 $11 32. Qxf5 Qxf5 33. gxf5 Nf4 $36 {[%emt 0:00:52][%mdl 2048] Black is pushing.} 34. Kh2 (34. Kf1 $11) 34... Nd3 $17 35. Rxe8 Rxe8 {[%emt 0:00:02][%mdl 4096] Endgame KRN-KRN} 36. Rd2 Re3 37. Kg2 Kf8 38. Nxh4 Ke7 {[%emt 0:01:01] Black is more active.} 39. Nf3 Kf6 40. Ne5 Nxe5 41. dxe5+ Rxe5 $15 {[%emt 0:30:53] KR-KR} 42. Kg3 (42. a4 $1 $15) 42... Rxf5 $17 ({Weaker is} 42... Kxf5 43. Rd7 $11) 43. a4 (43. Rd6+ $17 {was called for.} Ke7 44. Rd2) 43... Ra5 $19 44. Rd7 b6 ({And not} 44... Rxa4 45. Rxb7 Ke6 46. Kf3 $15) 45. Rd6+ Ke7 46. Rd4 Rxa4 47. Kf4 (47. Rg4 {was worth a try.}) 47... b5 48. Rd5 a6 {[%emt 0:00:00] [#] Strongly threatening ...Ra2.} 49. Rg5 (49. Rd2 {is a better defense.}) 49... g6 {[%emt 0:00:00] ...Ra2 is the strong threat.} 50. Rc5 (50. Rg1 $142) 50... Ra2 51. Rc7+ Kf8 52. Ra7 Rxb2 53. Ke5 Re2+ $2 (53... Rh2 54. Rxa6 Rxh3) 54. Kf6 $2 (54. Kd4) 54... Rf2+ {[%emt 0:00:00] Black used his chance.  Weighted Error Value: White=0.54/Black=0.16 (very precise)} 0-1

[Event "Germany Countries-chT Youth 2022"]
[Site "Wiesbaden"]
[Date "2022.10.01"]
[Round "2"]
[White "Sommer, Justus"]
[Black "Lange, Jannis"]
[Result "1/2-1/2"]
[ECO "B31"]
[WhiteElo "2122"]
[BlackElo "2085"]
[Annotator "TA"]
[PlyCount "73"]
[EventDate "2022.09.28"]
[EventType "team-tourn"]
[EventRounds "7"]
[EventCountry "GER"]
[SourceTitle "playchess.com"]
[Source "ChessBase"]
[SourceQuality "1"]
[TimeControl "40/5400+30:1800+30"]

1. e4 c5 2. Nf3 Nc6 3. Bb5 g6 4. Bxc6 dxc6 5. O-O Bg7 6. d3 Nf6 7. Re1 Bg4 {[%emt 0:02:38] B31: Sicilian: 2...Nc6 3 Bb5 g6.} 8. Nbd2 Nd7 9. h3 Bxf3 {[%emt 0:00:48] White has an edge.} 10. Nxf3 e5 11. Be3 b6 12. a4 Nf8 {[%emt 0:01:33] [#]} 13. a5 $146 ({Predecessor:} 13. Qd2 Ne6 14. Qc3 Qd6 15. a5 O-O 16. Nd2 Nd4 17. Nc4 Qc7 18. axb6 axb6 19. Bxd4 cxd4 {1-0 (25) Alikhanov,F (2405)-Kotanjian,T (2443) Moscow 2005}) 13... Ne6 14. c3 O-O 15. Qa4 b5 16. Qc2 Qd6 17. Rad1 Rfd8 18. Rd2 Rd7 19. Red1 Rad8 20. Ng5 Nxg5 (20... Nd4 $5 21. cxd4 cxd4 $11) 21. Bxg5 Bf6 22. Be3 Qe7 23. b3 Bg5 24. d4 Bxe3 25. fxe3 Qg5 $1 26. d5 (26. Kf2 $1 $15) 26... Qxe3+ 27. Kh1 cxd5 ({Black should play} 27... c4 $19 {...cxb3 is the strong threat.} 28. bxc4 bxc4) 28. Rxd5 Rxd5 29. Rxd5 (29. exd5 $142 f5 30. c4) 29... Rxd5 $19 30. exd5 {[%emt 0:00:05][%mdl 4096] Endgame KQ-KQ} Kf8 31. d6 Ke8 $2 {[%emt 0:01:12] [#]} ({Better is} 31... Qe1+ $19 32. Kh2 e4) 32. Qd1 $1 $11 {[%emt 0:01:09] The position is equal.} Kd7 33. Qd5 Qc1+ 34. Kh2 Qf4+ 35. Kh1 Qc1+ 36. Kh2 Qf4+ 37. Kh1 {[%emt 0:00:01] Black had all chances to win.  Weighted Error Value: White=0.17 (very precise) /Black=0.14 (very precise)} 1/2-1/2

[Event "Germany Countries-chT Youth 2022"]
[Site "Wiesbaden"]
[Date "2022.10.01"]
[Round "2"]
[White "Gluma, Christian"]
[Black "Hänselmann, Hendrik"]
[Result "0-1"]
[ECO "B72"]
[WhiteElo "2107"]
[BlackElo "1989"]
[Annotator "TA"]
[PlyCount "84"]
[EventDate "2022.09.28"]
[EventType "team-tourn"]
[EventRounds "7"]
[EventCountry "GER"]
[SourceTitle "playchess.com"]
[Source "ChessBase"]
[SourceQuality "1"]
[TimeControl "40/5400+30:1800+30"]

1. e4 c5 2. Nf3 d6 3. d4 cxd4 4. Nxd4 Nf6 5. Nc3 Nc6 6. Be2 g6 7. Be3 Bg7 8. Qd2 Ng4 9. Bxg4 Bxg4 10. f3 {[%emt 0:00:41] [#] Hoping for Nxc6.} Be6 {[%emt 0:00:40] [#] B72: Sicilian Dragon: 6 Be3, lines with h3+Bc4 and sidelines.} 11. g4 $146 (11. Ncb5 $11) ({Predecessor:} 11. Nxe6 fxe6 12. Bh6 Bf6 13. Ne2 Qa5 14. Qxa5 Nxa5 15. O-O-O g5 16. f4 gxf4 17. Bxf4 Rg8 18. g3 {½-½ (41) Ragger,M (2701)-Georgiadis,N (2534) Austria 2018}) 11... Rc8 (11... Qa5 {feels hotter.} 12. Ncb5 Qxd2+ 13. Kxd2 Kd7) 12. O-O ({Of course not} 12. Nxe6 fxe6 13. O-O O-O $17) (12. Nxc6 $11 bxc6 13. O-O) 12... Ne5 {[%emt 0:04:50] Black is slightly better.} 13. b3 $1 {[%emt 0:04:29] Prevents Nc4.} O-O (13... Qa5 $15 {feels stronger.} 14. Nce2 (14. Nxe6 $2 fxe6 15. Bd4 O-O $19) 14... Qxd2 15. Bxd2 {[#]} Nxf3+ $1 16. Rxf3 Bxg4) 14. h3 Qa5 15. Nce2 Qxd2 16. Bxd2 Nc6 17. c3 d5 18. Rac1 dxe4 19. fxe4 Ne5 ({Black should play} 19... Bd7 $15) 20. Nf4 (20. Nxe6 $11 fxe6 21. Be3) 20... Bd7 $15 21. Nd5 Rfe8 22. Bg5 f6 23. Be3 Nd3 ({Better is} 23... h5 $17 24. gxh5 Bxh3) 24. Rcd1 $11 Nc5 25. Ne2 (25. e5 $15) 25... Nxe4 $17 26. Bxa7 Bc6 $36 {[%emt 0:05:02][%mdl 2048] And now ...Ra8 would win. Keeping White busy.} 27. Nef4 $2 {[%emt 0:01:47] White does not recover from this.} (27. Nb4 $17) 27... e5 28. Nb6 $2 (28. Ne2 {is a better defense.}) 28... exf4 $19 29. Nxc8 Rxc8 30. Bd4 Bh6 31. c4 Re8 32. b4 Ng3 33. Rfe1 Ne2+ 34. Kf2 f3 35. b5 Be4 36. Bxf6 (36. Be3 $142 Bf8 37. Rd7) 36... Bf4 {[%emt 0:01:12] Threatens to win with ...Kf7. Black is clearly winning.} 37. Rd8 (37. Kf1 $142 Bg3 38. c5) 37... Rxd8 38. Bxd8 Bg3+ {[%emt 0:00:08] This bishop pair is nice.} 39. Kf1 Bxe1 (39... Bd3 $142 40. Rd1 Bxc4) 40. Kxe1 Nf4 41. h4 Nh3 {[%emt 0:30:35] ( -> ...f2+)} 42. Bb6 {[%emt 0:00:24] Against f2+} Bd3 {[%emt 0:00:37] Weighted Error Value: White=0.80/Black=0.63} 0-1

[Event "Germany Countries-chT Youth 2022"]
[Site "Wiesbaden"]
[Date "2022.10.01"]
[Round "2"]
[White "Pikalow, Michael"]
[Black "Hommer, Jeremy"]
[Result "0-1"]
[ECO "B12"]
[WhiteElo "2037"]
[BlackElo "2184"]
[Annotator "TA"]
[PlyCount "40"]
[EventDate "2022.09.28"]
[EventType "team-tourn"]
[EventRounds "7"]
[EventCountry "GER"]
[SourceTitle "playchess.com"]
[Source "ChessBase"]
[SourceQuality "1"]
[TimeControl "40/5400+30:1800+30"]

1. e4 c6 2. d4 d5 3. e5 Bf5 4. Nf3 e6 5. Be2 Nd7 6. O-O c5 7. Be3 Ne7 8. c4 dxc4 9. Na3 c3 {[%emt 0:00:06] B12: Caro-Kann: Advance Variation.} (9... cxd4 10. Nxc4 Nd5 11. Nxd4 $16 (11. Qxd4 h6 $14) (11. Bxd4 Be7 $14)) 10. Nb5 {[%emt 0:00:03][%cal Rb5d6][%mdl 1024] [#] White has compensation.} Nd5 11. Bg5 ({Much weaker is} 11. bxc3 a6 12. Nd6+ (12. Bg5 f6 $17) 12... Bxd6 13. exd6 Nxc3 $15) ({Better is} 11. Nxc3 $11 Nxe3 12. fxe3) 11... c2 $15 {[%emt 0:00:51] Black is slightly better.} 12. Qd2 Qb6 {[%emt 0:04:17] Strongly threatening ...a6.} 13. a4 a6 {[%emt 0:04:45] [#]} 14. dxc5 $146 ({Predecessor:} 14. a5 Qc6 15. Na3 h6 16. Be3 Nxe3 17. fxe3 Qe4 18. Rfc1 cxd4 19. exd4 Rc8 20. Rxc2 Rxc2 21. Nxc2 Qxc2 {0-1 (39) Engel,L (2553)-Bluebaum,M (2670) Magdeburg 2021}) 14... Qxc5 ({Don't take} 14... Bxc5 15. a5 Qc6 16. Nfd4 Bxd4 17. Nxd4 $18) 15. Nbd4 h6 16. Be3 Nxe3 17. Qxe3 Bh7 $36 {[%emt 0:02:16][%mdl 2048] Black has good play.} 18. Rfc1 Rc8 19. Qb3 (19. Nxc2 $142 Bxc2 20. Nd4 Qxe5 21. Qxe5 Nxe5 22. Rxc2 Rxc2 23. Nxc2) 19... Qb4 (19... Qc7 $142 20. Qe3 Be7 21. Nxc2 Bxc2) 20. Ra3 (20. Qxb4 $17 {was the only defense.} Bxb4 21. Nxc2) 20... Be7 {[%emt 0:04:32] White got outplayed after the opening.  Weighted Error Value: White=0.29 (precise) /Black=0.10 (very precise)} 0-1

[Event "Germany Countries-chT Youth 2022"]
[Site "Wiesbaden"]
[Date "2022.10.01"]
[Round "2"]
[White "Falke, Ornella"]
[Black "Herrmann, Jakob"]
[Result "1-0"]
[ECO "E69"]
[WhiteElo "1953"]
[BlackElo "1888"]
[Annotator "TA"]
[PlyCount "85"]
[EventDate "2022.09.28"]
[EventType "team-tourn"]
[EventRounds "7"]
[EventCountry "GER"]
[SourceTitle "playchess.com"]
[Source "ChessBase"]
[SourceQuality "1"]
[TimeControl "40/5400+30:1800+30"]

1. d4 {[%emt 0:00:03] Pavlovic,M} Nf6 2. c4 g6 3. g3 Bg7 4. Bg2 O-O 5. Nc3 d6 6. Nf3 Nbd7 7. O-O e5 8. e4 c6 9. h3 Qb6 10. d5 cxd5 11. cxd5 Nc5 12. Nd2 {[%emt 0:04:29] [#]} Nh5 $146 {[%emt 0:01:38] E69: King's Indian: Fianchetto: 6...Nbd7 7 0-0 e5 8 e4 c6 9 h3.} (12... Qc7 $11) ({Predecessor:} 12... Bd7 13. Qe2 Rfc8 14. Rd1 a5 15. Bf1 a4 16. Qf3 Qc7 17. Ndb1 b5 18. Bg5 Qd8 19. Nd2 Rab8 20. Rac1 {1-0 (64) Laznicka,V (2668)-Bortnyk,O (2565) Gjakova 2016 CBM 173 [Pavlovic,M]}) 13. Qe2 ({White should try} 13. Nc4 $14 Qa6 14. Na3) 13... f5 14. Nc4 Qa6 {[%emt 0:00:17] Hoping for ...b5. White has an edge.} 15. b4 Na4 $2 (15... Nxe4 $14 16. Nxe4 fxe4) 16. Nxa4 $18 Qxa4 17. exf5 (17. Nxd6 $6 f4) 17... Bd7 18. fxg6 ({Don't play} 18. Nxd6 Qxb4 19. fxg6 Nxg3 20. gxh7+ (20. fxg3 Rxf1+ 21. Qxf1 Qxd6 $16) 20... Kh8 21. fxg3 Rxf1+ 22. Qxf1 (22. Bxf1 Qxd6 23. Bg2 e4 $16) 22... Qxd6) 18... hxg6 19. Nxd6 (19. Bg5 $18) 19... Qxb4 (19... Nxg3 $16 20. fxg3 Qxb4) 20. Ne4 Bb5 $2 (20... Nf6 {was called for.} 21. Bd2 Qa4) 21. Qg4 {[%emt 0:01:14][%cal Oe4f6] Strongly threatening Nf6+!} Bxf1 22. Nf6+ {[%emt 0:00:31][%mdl 64] [#] Discovered Attack. White is clearly winning.} ({Weaker is} 22. Bxf1 Qd4 23. Rb1 {[#]} (23. Qxg6 Qxa1 24. Ng5 Nf6 $11) 23... Nxg3 $1 $14) 22... Nxf6 23. Qxb4 Bxg2 24. Kxg2 Nxd5 25. Qb3 Rad8 26. Bg5 Bf6 27. Rd1 Bxg5 28. Rxd5 Rxd5 29. Qxd5+ {[%emt 0:00:04][%mdl 4096] Endgame KQ-KRB} Kg7 30. Qxe5+ Bf6 31. Qe4 Rf7 32. h4 Re7 33. Qg4 Kh6 34. Kh3 Rf7 35. Qc4 Re7 36. g4 {[%emt 0:01:35][%cal Bg3g4,Bg4g5][%mdl 32] And now Qg8 would win.} Kg7 {[%emt 0:01:22] Against Qg8+} 37. g5 Ba1 38. Qc5 Rf7 39. Qxa7 Be5 40. Qc5 Bf4 41. Qd4+ Kh7 42. Qe4 {[%emt 0:02:19] White wants to mate with h5.} Kg7 43. Kg4 {[%emt 0:00:39] Weighted Error Value: White=0.12 (very precise) /Black=0.48} 1-0